 Dungeon Crawl Stone Soup version 0.17-a0-1397-g0eee0a3 (webtiles) character file.

2989 Television the Grappler (level 9, -2/80 HPs)
             Began as a Troll Monk on June 17, 2015.
             Was a Priest of Qazlal.
             Slain by a yak (8 damage)
             ... on level 11 of the Dungeon.
             The game lasted 00:17:10 (2295 turns).

Television the Grappler (Troll Monk)                Turns: 2295, Time: 00:17:10

Health: -2/80      AC:  8    Str: 26    XL:     9   Next: 53%
Magic:  11/11      EV: 10    Int: 11    God:    Qazlal [***...]
Gold:   13         SH:  4    Dex: 13    Spells: 0 memorised, 8 levels left

rFire  . . .     SeeInvis .       - Unarmed
rCold  . . .     Clarity  .     p - +2 robe {rN+}
rNeg   + . .     SustAt   .     (no shield)
rPois  .         Gourm    +     (helmet restricted)
rElec  .         Spirit   .     e - +0 cloak
rCorr  .         Warding  .     (gloves unavailable)
rMut   +         Stasis   .     (boots unavailable)
MR     .....                    c - amulet of resist mutation
Stlth  +.........               (no ring)
                                g - +3 ring of strength

@: brilliant, flying, very slightly contaminated, invisible, not resistant to
hostile enchantments, very unstealthy
A: unfitting armour, claws 3, fast metabolism 3, gourmand, regeneration 2,
shaggy fur 1, tough skin 2
a: Upheaval, Elemental Force, Renounce Religion


You were on level 11 of the Dungeon.
You worshipped Qazlal.
Qazlal was most pleased with you.
You were full.

You visited 1 branch of the dungeon, and saw 10 of its levels.
You also visited: Ossuary.

You collected 201 gold pieces.
You spent 188 gold pieces at shops.

Inventory:

Hand weapons
 h - a +0 blowgun
 t - the +8 quarterstaff of an ice cave {crush, *Contam Str+2 SInv Stlth+, unknown}
   (You found it on level 6 of the Dungeon)

   It inflicts extra damage upon your enemies.
   It affects your strength (+2).
   It lets you see invisible.
   It causes magical contamination when unequipped.
   It makes you more stealthy.
Missiles
 u - 4 curare-tipped needles
Armour
 a - a +0 robe
 e - a +0 cloak (worn)
 p - a +2 robe of positive energy (worn)
 D - a +0 shield
Jewellery
 c - an amulet of resist mutation (around neck)
 g - a +3 ring of strength (left claw)
Magical devices
 n - a wand of slowing (16)
 q - a wand of frost (16)
 E - a wand of disintegration (2)
Scrolls
 d - 6 scrolls of teleportation
 f - 3 scrolls of remove curse
 j - 3 scrolls of fog {unknown}
 k - 5 scrolls of identify {unknown}
 l - 3 scrolls of noise {unknown}
 y - 2 scrolls of blinking {unknown}
 B - 3 scrolls of holy word {unknown}
 C - 2 scrolls of enchant weapon {unknown}
Potions
 i - 2 potions of flight
 m - a potion of might {unknown}
 o - 2 potions of poison
 r - a potion of lignification {unknown}
 s - a potion of degeneration
 v - a potion of curing
 w - a potion of haste {unknown}
 x - a potion of resistance {unknown}
 z - a potion of brilliance
Comestibles
 b - 3 bread rations


   Skills:
 - Level 2.4 Fighting
 - Level 2.4 Dodging
 - Level 1.1 Stealth
 * Level 12.7 Unarmed Combat
 + Level 4.0 Invocations


You had 8 spell levels left.
You didn't know any spells.

Dungeon Overview and Level Annotations

Branches:
Dungeon (11/15)
 Temple: D:4-7         Lair: D:8-11         Orc: D:9-12

Altars:
Cheibriados
Kikubaaqudgha
Nemelex Xobeh
Qazlal
Ru
Sif Muna

Shops:
D:5 *   D:6 !%[   D:9 *


Innate Abilities, Weirdness & Mutations

You are too large for most types of armour.
You have claws for hands.
Your metabolism is lightning-fast.
You like to eat raw meat.
You heal very quickly.
You are covered in fur (AC +1).
You have very tough skin (AC +2).


Message History

You scratch the yak but do no damage. You claw the yak.
The yak is severely wounded.
You completely miss the yak. You barely miss the yak. The yak gores you!
* * * LOW HITPOINT WARNING * * *
Drink which item? (? for menu, Esc to quit)
It was a potion of brilliance.
You feel clever all of a sudden. The yak closely misses you.
Drink which item? (? for menu, Esc to quit)
It was a potion of invisibility.
You fade into invisibility!
The yak gores you.
* * * LOW HITPOINT WARNING * * *
You are very lightly contaminated with residual magic.
Drink which item? (? for menu, Esc to quit)
It was a potion of flight.
You feel very buoyant.
You fly up into the air.
The yak gores you!
You die...

...# #...# #...#
#...# #...# #...#
##...# ##YY..#
#@#ยง..# ###YY.#
#Y..# #...# #...#
#...# #...# #...#
#################...#


You could see 2 yaks.

Vanquished Creatures
  Pikel (D:6)
  4 yaks (D:11)
  A necrophage (D:8)
  A sky beast (D:8)
  A slave (D:6)
  2 black bears (D:7)
  A phantom (D:6)
  2 ogres
  2 crocodiles
  2 giant frogs (D:6)
  12 killer bees
  A vampire bat (D:6)
  A crimson imp (D:8)
  A jelly (D:9)
  A hound (D:4)
  An iguana (D:6)
  An orc priest (D:8)
  2 orc wizards
  2 worker ants
  3 mummies (Ossuary)
  5 adders
  4 gnolls (D:7)
  A shadow imp (D:6)
  2 oozes
  An adder skeleton (D:3)
  A worm (D:3)
  2 giant geckos
  14 orcs
  5 bats
  2 bat skeletons (D:6)
  3 bat zombies (D:6)
  4 giant cockroaches
  5 goblins
  6 hobgoblins
  3 jackals (D:1)
  2 quokkas
  A giant gecko skeleton (D:3)
  4 giant newts
  4 goblin zombies (Ossuary)
  A hobgoblin zombie (Ossuary)
  5 kobolds
  5 kobold zombies (Ossuary)
  An orc zombie (Ossuary)
  4 quokka zombies (Ossuary)
  7 rats
  3 rat zombies (Ossuary)
137 creatures vanquished.

Vanquished Creatures (others)
  A vampire bat (D:6)
  A kobold (D:6)
2 creatures vanquished.

Grand Total: 139 creatures vanquished

Notes
Turn   | Place    | Note
--------------------------------------------------------------
     0 | D:1      | Television the Troll Monk began the quest for the Orb.
     0 | D:1      | Reached XP level 1. HP: 22/22 MP: 0/0
    27 | D:1      | Reached XP level 2. HP: 29/29 MP: 1/1
   272 | D:2      | Reached skill level 5 in Unarmed Combat
   299 | D:2      | Reached XP level 3. HP: 28/36 MP: 2/2
   433 | D:2      | Found a sparkling altar of Nemelex Xobeh.
   643 | D:4      | Reached XP level 4. HP: 41/44 MP: 3/3
   648 | D:4      | Reached skill level 6 in Unarmed Combat
   896 | D:4      | Reached XP level 5. HP: 50/50 MP: 4/4
   916 | D:5      | Entered Level 5 of the Dungeon
   939 | D:5      | Found a sacrificial altar of Ru.
   962 | D:5      | Found Kafog's Assorted Antiques.
   970 | D:5      | Bought a scroll labeled HEMIKA VEISIR for 31 gold pieces
   994 | D:6      | Found Xukenyro's Armour Shoppe.
   994 | D:6      | Noticed a phantom
  1021 | D:6      | Killed a phantom
  1021 | D:6      | Reached skill level 7 in Unarmed Combat
  1046 | D:6      | Noticed a slave
  1047 | D:6      | Found an ancient bone altar of Kikubaaqudgha.
  1047 | D:6      | Noticed a slave
  1065 | D:6      | Killed a slave
  1083 | D:6      | Noticed Pikel
  1083 | D:6      | Noticed a slave
  1084 | D:6      | Noticed a slave
  1100 | D:6      | Reached XP level 6. HP: 59/59 MP: 5/5
  1109 | D:6      | Killed Pikel
  1109 | D:6      | Reached skill level 9 in Unarmed Combat
  1109 | D:6      | Reached XP level 7. HP: 59/66 MP: 6/6
  1202 | D:6      | Got a dazzling quarterstaff
  1211 | D:6      | Found Cummeetab's Distillery.
  1223 | D:6      | Bought a potion of mutation for 37 gold pieces
  1321 | D:6      | Found Zusala's Food Shoppe.
  1355 | D:7      | Reached skill level 10 in Unarmed Combat
  1360 | D:7      | Reached XP level 8. HP: 50/74 MP: 7/7
  1476 | D:9      | Found Okeletiu's Assorted Antiques.
  1483 | D:8      | Reached skill level 11 in Unarmed Combat
  1570 | D:7      | Found a stormy altar of Qazlal.
  1575 | D:7      | Became a worshipper of Qazlal Stormbringer
  1575 | D:7      | Acquired Qazlal's first power
  1575 | D:7      | Acquired Qazlal's second power
  1614 | D:7      | Reached skill level 1 in Invocations
  1741 | D:7      | Found a sand-covered staircase.
  1746 | Ossuary  | Entered an ossuary
  2018 | D:8      | Reached XP level 9. HP: 80/80 MP: 9/9
  2024 | D:8      | Found a sparkling altar of Nemelex Xobeh.
  2069 | D:8      | Acquired Qazlal's third power
  2080 | D:8      | Reached skill level 12 in Unarmed Combat
  2188 | D:8      | Found a snail-covered altar of Cheibriados.
  2212 | D:9      | Found a deep blue altar of Sif Muna.
  2224 | D:9      | Bought a scroll labeled ALIG AJAECVYA for 30 gold pieces
  2224 | D:9      | Bought a scroll labeled FYANAM ZAISOV for 30 gold pieces
  2224 | D:9      | Bought a scroll labeled PEMPUCH BUMO for 30 gold pieces
  2224 | D:9      | Bought a scroll labeled CUTZINA OMEMAF for 30 gold pieces
  2256 | D:9      | You fall through a shaft!
  2256 | D:11     | Noticed a four-headed hydra
  2295 | D:11     | Slain by a yak

Vault maps used:
D:1:      sevenhm_arrival_forest_fort_small_5, wad_floor_pattern_untrapped
D:2:      nemelex_dance_club_becter
D:3:      lemuel_zombie_altar_yredelemnul, makhleb_heckhound_becter,
          serial_undead, serial_undead_a, serial_undead_e, serial_undead_d,
          serial_undead_d
D:4:      zin_purify, first_bread
D:5:      lemuel_coloured_pillars_altar, lemuel_round_altar,
          minmay_temple_entry_large_hall, serial_shops, shop_fountains,
          uniq_blork_the_orc
D:6:      kennysheep_mini, kennysheep_vampire_church, serial_shops, shop, shop,
          shop, nicolae_shop_trees, minmay_misc_feat_room, serial_bayou_ford_a,
          hangedman_minor_gate_pass, uniq_prince_ribbit1, uniq_pikel
D:7:      grunt_qazlal_clouds, serial_shops, shop, enter_ossuary_5, the_bakery
D:8:      basic_altar, nemelex_xobeh_ov_fountains_minmay
D:9:      old_standard_altar, nicolae_gozag_seed_capital, kennysheep_mini_moat,
          lair_0_dummy, serial_shops, nicolae_shop_window_shopping
D:11:     uniq_sonja
Ossuary:  ossuary_minmay_chase

Action                   |  1- 3 |  4- 6 |  7- 9 || total
-------------------------+-------+-------+-------++-------
Melee: Unarmed           |    95 |    69 |   235 ||   399
Evoke: Wand              |       |     3 |     4 ||     7
  Use: Scroll            |       |     1 |     2 ||     3
       Potion            |       |       |    10 ||    10
 Stab: Sleeping          |     2 |     1 |     3 ||     6
  Eat: Chunk             |     4 |     2 |    12 ||    18
       Meat ration       |       |     1 |       ||     1
